[Event "Polish Youth G18 Championship 2023"]
[Site "Jastrzebia Gora"]
[Date "2023.03.17"]
[Round "7.16"]
[White "Kaznowska, Kinga"]
[Black "Pietrzak, Emilia"]
[Result "1/2-1/2"]
[ECO "B30"]
[WhiteElo "1352"]
[BlackElo "1424"]
[Annotator "NA RC COMBH"]
[PlyCount "101"]
[EventDate "2023.03.11"]
[EventType "swiss"]
[EventCountry "POL"]
[SourceTitle "playchess.com"]
[Source "ChessBase"]
[SourceQuality "1"]
[TimeControl "40/5400+30:1800+30"]

1. e4 c5 2. Nf3 Nc6 3. c3 d5 4. exd5 Qxd5 5. d4 e6 6. Bb5 Bd7 7. Be3 cxd4 8. Bxc6 Bxc6 9. Qxd4 Nf6 10. Nbd2 Be7 11. Qxd5 Nxd5 12. Bd4 f6 13. c4 Nf4 14. O-O e5 15. Be3 Nd3 16. b3 O-O 17. Ne1 Rfd8 18. Nxd3 Rxd3 19. Nf3 b6 20. Rfd1 Rad8 21. Rxd3 Rxd3 22. Ne1 Rd8 23. Kf1 Be4 24. f3 Bg6 25. Ke2 Kf7 26. a3 Ke6 27. b4 Rc8 28. Rc1 a5 29. Bxb6 axb4 30. axb4 Bxb4 31. Nd3 Be7 32. Be3 Ra8 33. Rb1 Ra2+ 34. Bd2 Rc2 35. Rc1 Rxc1 36. Bxc1 Kd7 37. Kd2 Kc6 38. Kc3 Bf5 39. Nf2 Bc5 40. Ne4 Be7 41. g4 Bg6 42. Ng3 Bc5 43. Ne4 Be7 44. Be3 Bf7 45. Ng3 Be6 46. h4 g6 47. h5 f5 48. hxg6 hxg6 49. gxf5 gxf5 50. Bg1 Bh4 51. Bh2 1/2-1/2

[Event "Polish Youth G18 Championship 2023"]
[Site "Jastrzebia Gora"]
[Date "2023.03.17"]
[Round "7.17"]
[White "Olszewska, Wiktoria"]
[Black "Dallemura, Anna"]
[Result "1/2-1/2"]
[ECO "C78"]
[WhiteElo "1287"]
[BlackElo "1496"]
[Annotator "NA RC COMBH"]
[PlyCount "86"]
[EventDate "2023.03.11"]
[EventType "swiss"]
[EventCountry "POL"]
[SourceTitle "playchess.com"]
[Source "ChessBase"]
[SourceQuality "1"]
[TimeControl "40/5400+30:1800+30"]

1. e4 e5 2. Nf3 Nc6 3. Bb5 a6 4. Ba4 Nf6 5. O-O b5 6. Bb3 Bc5 7. d3 d6 8. c3 Ba7 9. h3 h6 10. Re1 O-O 11. d4 Qe7 12. Bc2 Re8 13. d5 Nb8 14. Nbd2 Nbd7 15. Nf1 Nf8 16. Ne3 g5 17. Nh2 Ng6 18. Neg4 Kg7 19. Qf3 Nf4 20. Nxf6 Qxf6 21. Be3 Rh8 22. Bxf4 gxf4 23. Kh1 Qh4 24. Re2 h5 25. Rg1 Kf8 26. g3 Qxh3 27. gxf4 Qxf3+ 28. Nxf3 Bg4 29. Kg2 Rg8 30. Rh1 exf4 31. Rd2 Re8 32. Nd4 Bd1+ 33. Kf1 Bxc2 34. Nxc2 Rxe4 35. Rxh5 f3 36. Rh3 a5 37. Rxf3 Rg5 38. Ne3 Bxe3 39. Rxe3 Ree5 40. Red3 Rgf5 41. Rd4 Rh5 42. Kg2 Ke7 43. b3 Kd7 1/2-1/2

[Event "Polish Youth G18 Championship 2023"]
[Site "Jastrzebia Gora"]
[Date "2023.03.17"]
[Round "7.18"]
[White "Sivickis, Kornelia"]
[Black "Lopusiewicz, Marta"]
[Result "1/2-1/2"]
[ECO "A06"]
[WhiteElo "1328"]
[BlackElo "1180"]
[Annotator "NA RC COMBH"]
[PlyCount "119"]
[EventDate "2023.03.11"]
[EventType "swiss"]
[EventCountry "POL"]
[SourceTitle "playchess.com"]
[Source "ChessBase"]
[SourceQuality "1"]
[TimeControl "40/5400+30:1800+30"]

1. Nf3 d5 2. c4 e6 3. e3 Nf6 4. Nc3 Be7 5. Be2 Nbd7 6. d4 c6 7. a3 a5 8. Qc2 b6 9. Bd2 Bb7 10. O-O O-O 11. e4 dxe4 12. Nxe4 c5 13. Ng3 Qc7 14. Rfe1 cxd4 15. Nxd4 Ba6 16. Rac1 Rac8 17. a4 Bc5 18. Nb3 Bb7 19. Bg5 h6 20. Bxf6 Nxf6 21. Nxc5 Qxc5 22. Qc3 Rfd8 23. Bf3 Bxf3 24. Qxf3 Qc6 25. Qxc6 Rxc6 26. b3 Rd3 27. Rb1 Nd7 28. Ne4 f5 29. Ng3 Nc5 30. b4 Nxa4 31. bxa5 bxa5 32. Rb5 Rxc4 33. Rxa5 Rd6 34. h3 Nc5 35. Ra8+ Kf7 36. Rc8 Nd3 37. Rxc4 Nxe1 38. Rc1 Nd3 39. Rd1 Rd5 40. Kf1 Nf4 41. Rxd5 Nxd5 42. Ne2 Kf6 43. g3 g5 44. Ke1 e5 45. Nc1 h5 46. Nd3 f4 47. Nc5 Kf5 48. Ke2 fxg3 49. fxg3 e4 50. Kf2 Nf6 51. Ke3 g4 52. h4 Ke5 53. Nb3 Nd5+ 54. Ke2 Nb4 55. Kd2 Nd3 56. Ke3 Kf5 57. Nd2 Ke5 58. Nb3 Kf5 59. Nd4+ Ke5 60. Nb3 1/2-1/2

[Event "Polish Youth G18 Championship 2023"]
[Site "Jastrzebia Gora"]
[Date "2023.03.17"]
[Round "7.19"]
[White "Nagly, Malgorzata"]
[Black "Pietruszka, Julia"]
[Result "1-0"]
[ECO "C65"]
[WhiteElo "1041"]
[BlackElo "1151"]
[Annotator "NA RC COMBH"]
[PlyCount "31"]
[EventDate "2023.03.11"]
[EventType "swiss"]
[EventCountry "POL"]
[SourceTitle "playchess.com"]
[Source "ChessBase"]
[SourceQuality "1"]
[TimeControl "40/5400+30:1800+30"]

1. e4 e5 2. Nf3 Nc6 3. Bb5 Nf6 4. O-O Bc5 5. Nxe5 Nxe5 6. d4 Bb6 7. dxe5 Nxe4 8. Qf3 Ng5 9. Qg4 Ne6 10. Nc3 O-O 11. Bd3 g6 12. Nd5 d6 13. Nf6+ Kh8 14. Qh4 h5 15. g4 Ng7 16. Qg5 1-0

[Event "Polish Youth G18 Championship 2023"]
[Site "Jastrzebia Gora"]
[Date "2023.03.17"]
[Round "7.20"]
[White "Bauer, Marika"]
[Black "Tittor, Weronika"]
[Result "1/2-1/2"]
[ECO "B28"]
[WhiteElo "1183"]
[BlackElo "1226"]
[Annotator "NA RC COMBH"]
[PlyCount "60"]
[EventDate "2023.03.11"]
[EventType "swiss"]
[EventCountry "POL"]
[SourceTitle "playchess.com"]
[Source "ChessBase"]
[SourceQuality "1"]
[TimeControl "40/5400+30:1800+30"]

1. e4 c5 2. Nf3 a6 3. d4 cxd4 4. Nxd4 Nf6 5. Nc3 e5 6. Nb3 Bb4 7. Bd2 Nc6 8. Bd3 d5 9. Nxd5 Bxd2+ 10. Qxd2 Nxd5 11. exd5 Qxd5 12. O-O Be6 13. Rfe1 O-O 14. Be4 Qxd2 15. Nxd2 Rfd8 16. Nf3 Bd5 17. Bxd5 Rxd5 18. Rad1 Rad8 19. Rxd5 Rxd5 20. c3 f6 21. g3 Rd3 22. Kg2 Kf7 23. Re2 b5 24. Rd2 Rxd2 25. Nxd2 Ke6 26. Kf3 Kd5 27. Ke3 a5 28. b3 g6 29. f3 f5 30. h4 h5 1/2-1/2